 Dungeon Crawl Stone Soup version 0.18-a0-1164-g7046a04 (webtiles) character file.

366 namelastname112 the Cudgeler (level 6, -4/52 HPs)
             Began as a Draconian Gladiator on Jan 25, 2016.
             Slain by a hound (5 damage)
             ... on level 4 of the Dungeon.
             The game lasted 00:05:12 (3317 turns).

namelastname112 the Cudgeler (Draconian Gladiator)  Turns: 3317, Time: 00:05:13

Health: -4/52      AC:  6    Str: 17    XL:     6   Next: 40%
Magic:  6/6        EV: 13    Int:  9    God:
Gold:   188        SH:  0    Dex: 13    Spells: 0 memorised, 5 levels left

rFire  . . .     SeeInvis .     a - +0 flail
rCold  . . .     Gourm    .     (armour unavailable)
rNeg   . . .     Faith    .     (no shield)
rPois  .         Spirit   .     b - +0 hat
rElec  .         Dismiss  .     (no cloak)
rCorr  .         Reflect  .     (no gloves)
SustAt .         Harm     .     (no boots)
MR     .....                    (no amulet)
Stlth  +.........               (no ring)
                                x - ring of wizardry

@: not resistant to hostile enchantments, very unstealthy
A: unfitting armour, cold-blooded, AC +6
a: no special abilities


You were on level 4 of the Dungeon.
You were not hungry.

You visited 1 branch of the dungeon, and saw 4 of its levels.

You collected 188 gold pieces.

Inventory:

Hand Weapons
 a - a +0 flail (weapon)
Missiles
 c - a throwing net (quivered)
 g - 3 javelins
 B - 2 curare-tipped needles
Armour
 b - a +0 hat (worn)
Jewellery
 s - an uncursed ring of fire
 x - a ring of wizardry (left hand)
Wands
 C - a wand of slowing (26/48)
 D - a wand of enslavement (3/24)
Scrolls
 h - a scroll of enchant weapon {unknown}
 i - 7 scrolls of identify {unknown}
 j - 6 scrolls of remove curse {unknown}
 k - 2 scrolls of enchant armour {unknown}
 m - 5 scrolls of teleportation {unknown}
 v - 3 scrolls of blinking {unknown}
 y - a scroll of recharging {unknown}
Potions
 e - 3 potions of might {unknown}
 f - a potion of invisibility {unknown}
 l - a potion of agility {unknown}
 q - 3 potions of curing {unknown}
 r - a potion of brilliance {unknown}
 t - a potion of heal wounds {unknown}
 u - a potion of poison {unknown}
 w - a potion of cure mutation {unknown}
 z - a potion of cancellation {unknown}
 A - a potion of berserk rage {unknown}
Comestibles
 d - 3 bread rations
 n - a slice of pizza
 o - a beef jerky
 p - 4 meat rations
 E - a chunk of flesh


   Skills:
 + Level 3.8 Fighting
 * Level 5.2 Maces & Flails
 + Level 3.1 Throwing
 + Level 3.6 Dodging


You had 5 spell levels left.
You didn't know any spells.

Dungeon Overview and Level Annotations

Branches:
Dungeon (4/15)
 Temple: D:4-7

Altars:
Gozag
Kikubaaqudgha
Nemelex Xobeh
Xom
Zin


Innate Abilities, Weirdness & Mutations

Your plain brown scales are hard (AC +6).
Your body does not fit into most forms of armour.
You are cold-blooded and may be slowed by cold attacks.


Message History

The ogre hits you with a giant spiked club!
* * * LOW HITPOINT WARNING * * *
The hound stops to sniff the ground.
The hound bites you.
* * * LOW HITPOINT WARNING * * *
Throwing (i - inventory. (,) - cycle):
c - 3 throwing nets (quivered)
Press: ? - help, Shift-Dir - straight line, f - hound
Aim: a hound You throw a throwing net.
The throwing net closely misses the hound.
The hound barely misses you. x2
Throwing (i - inventory. (,) - cycle):
c - 2 throwing nets (quivered)
Press: ? - help, Shift-Dir - straight line, f/p - hound
Aim: a hound You throw a throwing net.
The throwing net closely misses the hound.
The throwing net hits the ogre.
The ogre is caught in the net!
The ogre is severely wounded.
The ogre struggles against the net.
The hound bites you.
You die...

#.. .$.#.......# #.#######
... #.......<.# #.#.....#
... #........# #........
.###.# #........# #........
......##........# #........
.........######## #........
.....#..#### #........
#..........########........
...(....Oh@................
#....######..######........
..... ##.# #........ .###
#.# #........ #.# #........
#.. #....>... ... ##.......
#### ##.....# ######


You could see an ogre (caught) and a hound.

Vanquished Creatures
  The ghost of Voda the Insei, an amateur OpTm (D:3)
  2 crimson imps (D:3)
  Jessica (D:3)
  Terence (D:3)
  A gnoll (D:1)
  5 adders
  An ooze (D:1)
  3 giant geckos
  3 orcs (D:3)
  3 ball pythons
  10 bats
  7 giant cockroaches
  16 goblins
  13 hobgoblins
  14 jackals
  10 kobolds
  A quokka (D:2)
  4 giant newts
  11 rats
107 creatures vanquished.

Notes
Turn   | Place    | Note
--------------------------------------------------------------
     0 | D:1      | namelastname112 the Draconian Gladiator began the quest for the Orb.
     0 | D:1      | Reached XP level 1. HP: 17/17 MP: 1/1
    96 | D:1      | Reached XP level 2. HP: 20/25 MP: 2/2
   504 | D:1      | Reached XP level 3. HP: 28/30 MP: 3/3
  1080 | D:2      | Reached XP level 4. HP: 9/37 MP: 4/4
  1366 | D:2      | Reached skill level 4 in Maces & Flails
  1792 | D:2      | Found an opulent altar of Gozag.
  1821 | D:3      | Noticed Jessica
  1824 | D:3      | Killed Jessica
  1906 | D:3      | Found an ancient bone altar of Kikubaaqudgha.
  2044 | D:3      | Reached XP level 5. HP: 16/45 MP: 5/5
  2570 | D:3      | Noticed Voda's ghost (amateur OpTm)
  2587 | D:3      | Killed Voda's ghost
  2735 | D:3      | Reached skill level 5 in Maces & Flails
  2858 | D:3      | Reached XP level 6. HP: 34/51 MP: 6/6
  3014 | D:3      | Found a sparkling altar of Nemelex Xobeh.
  3015 | D:3      | Found a shimmering altar of Xom.
  3018 | D:3      | Noticed Terence
  3025 | D:3      | Killed Terence
  3113 | D:3      | Found a glowing silver altar of Zin.
  3314 | D:4      | HP: 1/52 [hound (2)]
  3317 | D:4      | Slain by a hound

Vault maps used:
D:1:      minmay_arrival_four_loops
D:2:      lemuel_crystal_altar, bh_walls_and_bars
D:3:      led_xom_imps, nicolae_overflow_crystal_walls, zin_scriptorium,
          nemelex_xobeh_ov_fountains_minmay, hangedman_decor_riveting,
          corexii_shack, uniq_jessica, uniq_terence
D:4:      kennysheep_mini, first_bread

Action                   |  1- 3 |  4- 6 || total
-------------------------+-------+-------++-------
Melee: Flail             |   100 |   205 ||   305
Throw: Javelin           |       |     3 ||     3
       Throwing net      |       |     2 ||     2
 Stab: Sleeping          |     1 |     1 ||     2
  Eat: Chunk             |       |     8 ||     8
